 Dungeon Crawl Stone Soup version bcrawl-1.28.1b (webtiles) character file.

Game seed: 7888274676721706893

208408 Adamkad1 the Ruffian (level 7, -2/59 HPs)
             Began as a Green Draconian Transmuter on Dec 12, 2020.
             Slain by a sky beast (5 damage)
             ... on level 5 of the Dungeon.
             The game lasted 00:09:36 (3894 turns).

Adamkad1 the Ruffian (Green Draconian Transmuter)   Turns: 3894, Time: 00:09:37

Health: -2/59      AC:  2    Str: 14    XL:     7   Next: 27%
Magic:  9/11       EV: 21    Int: 15    God:
Gold:   156        SH:  0    Dex: 19    Spells: 4/12 levels left

rFire    x . .     SeeInvis .     - Fangs (venom) (11.8)
rCold    + . .     Gourm    .   (shield currently unavailable)
rNeg     . . .     Faith    .   (armour unavailable)
rPois    x         Spirit   .   (helmet currently unavailable)
rElec    .         Reflect  .   (cloak currently unavailable)
rCorr    .         Harm     .   (gloves currently unavailable)
MR       .....                  (boots currently unavailable)
Stlth    ++........             (no amulet)
HPRegen  0.19/turn              p - ring of Ezaicuwu {Ice Int+2}
MPRegen  0.12/turn              q - ring "Akhik" {+Fly Dex+2}

@: spider-form (expiring)
A: tiny, (breathe noxious fumes), unfitting armour, AC +6
a: End Transformation, Evoke Flight


You were on level 5 of the Dungeon.
You were hungry.
You were a venomous arachnid creature.
You visited 1 branch of the dungeon, and saw 5 of its levels.

You collected 156 gold pieces.

Inventory:

Missiles
 a - 284 arrows
 g - 218 javelins (quivered)
Armour
 h - a +0 cloak (melded)
Jewellery
 d - an uncursed ring of see invisible
 p - the ring of Ezaicuwu (left front leg) {Ice Int+2}
   (You found it on level 4 of the Dungeon)

   [ring of ice]

   It enhances your ice magic.
   It affects your intelligence (+2).
   It makes you vulnerable to fire.
   It protects you from cold.
 q - the ring "Akhik" (right front leg) {+Fly Dex+2}
   (You found it on level 3 of the Dungeon)

   [ring of flight]

   It affects your dexterity (+2).
   It lets you fly.
Wands
 k - a wand of polymorph (14)
 r - a wand of clouds (2)
Scrolls
 b - a scroll of remove curse
 m - a scroll of magic mapping {unknown}
 n - a scroll of noise {unknown}
 o - a scroll of enchant weapon
Potions
 c - 2 potions of lignification
 f - 4 potions of curing
 i - a potion of might {unknown}
 j - a potion of haste {unknown}
 l - a potion of flight {unknown}
 s - a potion of cancellation {unknown}
Comestibles
 e - 7 rations {!d}


   Skills:
 * Level 4.2 Fighting
 + Level 3.0 Dodging
 * Level 4.9 Unarmed Combat
 + Level 3.1 Spellcasting
 * Level 4.4 Transmutations


You had 4 spell levels left.
You knew the following spells:

 Your Spells              Type           Power        Failure   Level  Hunger
a - Beastly Appendage     Tmut           ###...       11%         1    None
b - Sticks to Snakes      Tmut           ###.....     14%         2    #......
c - Passwall              Tmut/Erth      #.......     28%         2    #......
d - Spider Form           Tmut/Pois      #..          45%         3    ####...

Your spell library contained the following spells:

 Spells                   Type           Power        Failure   Level  Hunger
 Ice Form                 Ice/Tmut       ##......     80%         4    #####..
 Blade Hands              Tmut           ###.......   83%         5    ######.


Dungeon Overview and Level Annotations

Branches:
Dungeon (5/12)
 Temple: D:4-7

Altars:
Okawaru

Shops:
D:4 (

Annotations:
D:4 2 transporters, LostNumber's ghost, amateur MiFi


Innate Abilities, Weirdness & Mutations

((You can breathe blasts of noxious fumes.))
((Your lurid green scales are hard. (AC +6)))
You cannot fit into any form of body armour.
((Your system is resistant to poisons. (rPois)))
((You are cold-blooded and may be slowed by cold attacks.))


Message History

The bullfrog zombie closely misses you. Something closely misses you.
The bullfrog zombie hits you!
You hit the bullfrog zombie but do no damage.
The bullfrog zombie is heavily damaged.
Something hits you. Something shocks you. The bullfrog zombie misses you.
You are too injured to fight recklessly!
You are too injured to fight recklessly!
You bite the bullfrog zombie!
The bullfrog zombie is severely damaged.
A sky beast appears from thin air!
Reactivating autopickup.
The sky beast completely misses you. The bullfrog zombie hits you.
You hit the sky beast.
The sky beast is poisoned.
The sky beast is lightly wounded.
The bullfrog zombie hits you!
* * * LOW HITPOINT WARNING * * *
The sky beast hits you.
* * * LOW HITPOINT WARNING * * *
The sky beast shocks you.
You die...

# # ..#. .....
######
...<..#....##
#.....<..#.###
#....#.......##
.....
##.......##.. ....
##.)........
..)c......#s...##.
.. ...##.##ZY..# .
. ..% .........
....$........#
.......#........
.......##.##....
....... .. ....
.... ## ...


You could see a sky beast and a bullfrog zombie.

Vanquished Creatures
  An ogre (D:4)
  2 centaurs
  2 crimson imps (D:4)
  2 hounds
  Natasha (thrice) (D:4)
  An orc wizard (D:4)
  8 adders
  4 gnolls (D:3)
  2 worms
  A leopard gecko (D:1)
  5 orcs
  2 ball pythons (D:1)
  2 giant cockroaches
  5 goblins
  5 hobgoblins
  7 jackals
  A quokka (D:4)
  5 bats
  7 frilled lizards
  11 kobolds
  2 quokka skeletons (D:4)
  9 rats
87 creatures vanquished.

Notes
Turn   | Place    | Note
-------+----------+-------------------------------------------
     0 | D:1      | Adamkad1 the Draconian Transmuter began the quest for the
                  | Orb.
     0 | D:1      | Reached XP level 1. HP: 16/16 MP: 3/3
    81 | D:1      | Reached XP level 2. HP: 21/23 MP: 5/5
   308 | D:1      | Learned a level 2 spell: Sticks to Snakes
   774 | D:2      | Reached XP level 3. HP: 29/29 MP: 2/6
  1784 | D:3      | Reached XP level 4. HP: 4/36 MP: 7/7
  1961 | D:3      | Noticed a centaur
  1970 | D:3      | HP: 1/36 [centaur (2)]
  1971 | D:3      | Killed a centaur
  1972 | D:3      | Reached XP level 5. HP: 1/42 MP: 6/8
  2216 | D:3      | Found an iron altar of Okawaru.
  2491 | D:2      | Learned a level 2 spell: Passwall
  2495 | D:2      | Learned a level 3 spell: Spider Form
  2952 | D:3      | Got a brightly glowing marble ring
  2988 | D:4      | Reached XP level 6. HP: 51/51 MP: 7/10
  3069 | D:4      | Noticed LostNumber's ghost (amateur MiFi)
  3221 | D:4      | Found Cudagixza's Weapon Shoppe.
  3353 | D:4      | Found a transporter.
  3369 | D:4      | Found a transporter.
  3428 | D:4      | Got a shimmering bronze ring
  3711 | D:4      | Noticed Natasha
  3715 | D:4      | Killed Natasha
  3728 | D:4      | Identified the cursed ring of Ezaicuwu {Ice Int+2} (You
                  | found it on level 4 of the Dungeon)
  3729 | D:4      | Identified the ring "Akhik" {+Fly Dex+2} (You found it on
                  | level 3 of the Dungeon)
  3734 | D:4      | Noticed Natasha
  3742 | D:4      | Killed Natasha
  3743 | D:4      | Your scales start taking on a lurid green colour.
  3743 | D:4      | Reached XP level 7. HP: 55/58 MP: 2/11
  3743 | D:4      | Gained mutation: Your system is resistant to poisons.
                  | (rPois) [Green Draconian growth]
  3797 | D:4      | Noticed Natasha
  3806 | D:4      | Killed Natasha
  3871 | D:5      | Entered Level 5 of the Dungeon
  3894 | D:5      | Slain by a sky beast

Skill      XL: |  1  2  3  4  5  6  7 |
---------------+----------------------+-----
Dodging        | 2 3 |  3.0
Fighting       | 2 3 4 |  4.2
Transmutations | 3 4 |  4.4
Unarmed Combat | 4 |  4.9
Spellcasting   | 3 |  3.1

Action                   |  1- 3 |  4- 6 |  7- 9 || total
-------------------------+-------+-------+-------++-------
Melee: Unarmed           |   178 |   142 |    23 ||   343
       Headbutt          |     9 |     3 |       ||    12
       Tailslap          |     9 |    13 |       ||    22
       Kick              |     1 |     5 |       ||     6
       Punch             |     1 |     1 |       ||     2
Throw: Javelin           |       |     6 |       ||     6
 Cast: Beastly Appendage |    25 |    12 |       ||    37
       Sticks to Snakes  |     1 |       |       ||     1
       Spider Form       |       |     6 |     2 ||     8
  Use: Scroll            |     3 |     4 |       ||     7
       Potion            |     1 |     3 |       ||     4
 Stab: Sleeping          |     1 |       |       ||     1
  Eat: Chunk             |     7 |    12 |     1 ||    20
Armor: Skin              |    79 |    25 |       ||   104
Dodge: Dodged            |   119 |    90 |    27 ||   236
